 Dungeon Crawl Stone Soup version 0.28.0 (webtiles) character file.

Game seed: 10360192068831081614

23 spaghetti the Caller (level 2, -1/11 HPs)
             Began as a Felid Summoner on Feb 18, 2022.
             Slain by an adder (5 damage)
             ... on level 2 of the Dungeon.
             The game lasted 00:02:22 (1631 turns).

spaghetti the Caller (Felid Summoner)               Turns: 1631, Time: 00:02:23

Health: -1/11      AC:  1    Str:  4    XL:     2   Next: 75%
Magic:  4/6        EV: 17    Int: 16    God:
Gold:   83         SH:  0    Dex: 16    Spells: 4/5 levels left
                                        Lives:  0   Deaths: 0

rFire   . . .      SeeInvis +   (weapon unavailable)
rCold   . . .      Faith    .   (shield unavailable)
rNeg    . . .      Spirit   .   (armour unavailable)
rPois   .          Reflect  .   (helmet unavailable)
rElec   .          Harm     .   (cloak unavailable)
rCorr   .          Rampage  .   (gloves unavailable)
Will    .....                   (boots unavailable)
Stlth   +++.......              (no amulet)
HPRegen 0.03/turn               (no ring)
MPRegen 0.10/turn               (no ring)

@: lethally poisoned (-1 -> -5), quick
A: very small, claws 1, fangs 3, see invisible, speed 1, shaggy fur 1, stealthy
paws, no weapons or thrown items, no armour, multi-lived
a: no special abilities


You were on level 2 of the Dungeon.
You visited 1 branch of the dungeon, and saw 2 of its levels.

You collected 83 gold pieces.

Inventory:

Scrolls
 a - a scroll of teleportation {unknown}
 c - a scroll of enchant weapon {unknown}
 d - a scroll of identify {unknown}
Potions
 b - a potion of lignification {unknown}


   Skills:
 + Level 3.0 Dodging
 + Level 3.6 Stealth
 + Level 0.5 Unarmed Combat
 - Level 2.0 Spellcasting
 + Level 4.3 Summonings


You had 4 spell levels left.
You knew the following spells:

 Your Spells              Type           Power      Damage    Failure   Level
a - Summon Small Mammal   Summ           60%        N/A       3%          1

Your spell library contained the following spells:

 Spells                   Type           Power      Damage    Failure   Level
 Call Imp                 Summ           15%        N/A       5%          2
 Call Canine Familiar     Summ           15%        N/A       11%         3
 Summon Guardian Golem    Hex/Summ       8%         N/A       26%         3
 Summon Lightning Spire   Summ/Air       8%         N/A       65%         4


Dungeon Overview and Level Annotations

Branches:
Dungeon (2/15)

Altars:


Innate Abilities, Weirdness & Mutations

You have sharp claws.
You have razor-sharp teeth.
You have supernaturally acute eyesight. (SInv)
You cover ground quickly. (Speed+)
You are covered in fur. (AC +1)
Your paws help you pounce on unaware monsters.
You are incapable of wielding weapons or throwing items.
You cannot wear armour.
You gain extra lives every three experience levels.


Message History

Moving in this stuff is going to be slow.
You enter the shallow water.
Moving in this stuff is going to be slow.
Partly explored, can't reach some places.
Partly explored, can't reach some places.
Partly explored, can't reach some places.
Partly explored, can't reach some places.
Partly explored, can't reach some places.
Partly explored, can't reach some places.
(D) Dungeon
Where to? (? - help)
There is a stone staircase leading down here.
You climb downwards.
Found 31 gold pieces and 18 stones.
There is a stone staircase leading up here.
Unknown command.
You now have 68 gold pieces (gained 16).
You now have 83 gold pieces (gained 15).
Found a stone staircase leading down.
Found 16 arrows.
d - a scroll labelled FAENAR DATH An adder comes into view.
An adder is nearby!
Casting: Summon Small Mammal (safe; 3% risk of failure)
Press: ? - help, Q - select action Dir - look around, f - activate
Casting: Summon Small Mammal (safe; 3% risk of failure)
Press: ? - help, Q - select action Dir - look around, f - activate You swap places.
The adder hisses angrily.
Found a scroll labelled LOSOEH LISHRAZ.
You scratch the adder. Your bite misses the adder.
The adder is lightly wounded.
Your quokka completely misses the adder.
The adder bites you.
You are lethally poisoned!
The adder poisons you!
Your quokka closely misses the adder.
You closely miss the adder.
The adder is lightly wounded.
You feel sick. The adder bites you.
You die...

#....#..##
#...#..## #
.##...#.## #.#
......(.####...#
###..........#
#.......####
.......#..######
..###.#........#
. #..#.(r@....#
....#..rS....#
#.##.#........#
#. #........#
#........#
#........#
#.........
#####.?###.


You could see an adder (ally target), a friendly quokka (summoned) and a
friendly rat (summoned).

Vanquished Creatures
  A bat (D:1)
  2 endoplasms (D:1)
  A hobgoblin (D:1)
  2 kobolds (D:1)
  A quokka (D:1)
  A frilled lizard (D:1)
  A rat (D:1)
9 creatures vanquished.

Vanquished Creatures (collateral kills)
  5 hobgoblins (D:1)
  A quokka (D:1)
  A ball python (D:1)
  2 bats (D:1)
  2 frilled lizards (D:1)
11 creatures vanquished.

Grand Total: 20 creatures vanquished

Notes
Turn   | Place    | Note
-------+----------+-------------------------------------------
     0 | D:1      | spaghetti the Felid Summoner began the quest for the Orb.
     0 | D:1      | Reached XP level 1. HP: 7/7 MP: 4/4
   488 | D:1      | Reached XP level 2. HP: 11/11 MP: 6/6
  1631 | D:2      | Slain by an adder

Illustrated notes

Levels and vault maps discovered:
D:1:      heliophobic_arrival_glass_houses, layout_basic,
          chequers_serial_rivers_large_a
D:2:      layout_rooms, minmay_box_of_dots

Skill      XL: |  1  2 |
---------------+-------+-----
Stealth        | 3 |  3.6
Dodging        | 3 |  3.0
Unarmed Combat | |  0.5
Spellcasting   | |  2.0
Summonings     | |  4.3

Action                   || total
-------------------------++-------
Melee: Unarmed           ||    56
       Bite              ||     6
 Cast: Summon Small Mamm ||    21
Armor: Skin              ||     6
Dodge: Dodged            ||    54
